 Dungeon Crawl Stone Soup version 0.20.1-1-g8b1a95d (webtiles) character file.

65 dohliylev the Sneak (level 3, -1/24 HPs)
             Began as a Vampire Enchanter on July 9, 2017.
             Slain by an orc
             ... wielding a +0 hand axe
              (3 damage)
             ... on level 3 of the Dungeon.
             The game lasted 00:08:21 (1357 turns).

dohliylev the Sneak (Vampire Enchanter)             Turns: 1357, Time: 00:08:22

Health: -1/24      AC:  2    Str:  7    XL:     3   Next: 94%
Magic:  15/15      EV: 12    Int: 18    God:
Gold:   93         SH:  0    Dex: 14    Spells: 3/6 levels left

rFire    . . .     SeeInvis +   a - +1 dagger
rCold    . . .     Gourm    .   (no shield)
rNeg     . . .     Faith    .   b - +0 robe
rPois    .         Spirit   .   (no helmet)
rElec    .         Reflect  .   (no cloak)
rCorr    +         Harm     .   (no gloves)
MR       .....                  (no boots)
Stlth    +++.......             (no amulet)
Regen    0.3/turn               f - ring of magical power
MPRegen  0.2/turn               n - ring of resist corrosion

@: regenerating quickly
A: fangs 3, see invisible, unbreathing
a: no special abilities


You were on level 3 of the Dungeon.
You were full.

You visited 1 branch of the dungeon, and saw 3 of its levels.

You collected 93 gold pieces.

Inventory:

Hand Weapons
 a - a +1 dagger (weapon)
Armour
 b - a +0 robe (worn)
Jewellery
 f - a ring of magical power (left hand)
 n - a ring of resist corrosion (right hand)
Scrolls
 g - a scroll of fear {unknown}
 k - a scroll of recharging {unknown}
 o - a scroll of identify {unknown}
Potions
 d - 5 potions of blood
 e - a potion of might {unknown}
 h - a potion of resistance {unknown}
 i - a potion of flight {unknown}
 j - a potion of lignification {unknown}
 l - a potion of berserk rage {unknown}
 m - a potion of brilliance {unknown}
Books
 c - a book of Maledictions

   Spells                             Type                      Level
   a - Corona                         Hexes                        1
   b - Ensorcelled Hibernation        Hexes/Ice                    2
   c - Confuse                        Hexes                        3
   d - Tukima's Dance                 Hexes                        3
   e - Dazzling Spray                 Conjuration/Hexes            3


   Skills:
 * Level 2.5 Short Blades
 - Level 2.1 Dodging
 * Level 6.5 Stealth
 - Level 2.0 Spellcasting
 - Level 4.4 Hexes


You had 3 spell levels left.
You knew the following spells:

 Your Spells              Type           Power        Failure   Level  Hunger
a - Corona                Hex            ###....      3%          1    #......
b - Ensorcelled Hibernat  Hex/Ice        #.....       11%         2    ###....


Dungeon Overview and Level Annotations

Branches:
Dungeon (3/15)

Altars:
Elyvilon
Vehumet


Innate Abilities, Weirdness & Mutations

Your natural rate of healing is unusually fast.
You have razor-sharp teeth.
You have supernaturally acute eyesight. (SInv)
You can survive without breathing.


Message History

Found a scroll labeled AFIYTELL NACAB.
Found a scroll labeled YMUEMMUGAM.
You now have 93 gold pieces (gained 8).
Found a scroll labeled AJI ADUKKEPHI.
An orc wizard comes into view. It is wielding a dagger.
A kobold, an orc and an orc priest come into view.
Found 8 gold pieces.
The orc shouts!
You hit the orc.
The orc is lightly wounded.
The orc hits you with a hand axe.
The orc priest shouts!
You hit the orc.
The orc is heavily wounded.
The orc priest mumbles some strange prayers to Beogh against you.
Beogh smites you!
Ouch! That really hurt!
* * * LOW HITPOINT WARNING * * *
The orc hits you with a hand axe.
You die...

o......####.#
..........#.######
..?....o..#.......
###+#+#......#
#....#.# ## #
#..o.# ...#
#.#..#.# #.#
#.#..o.####.#
#####
#........o@.#
....#
###.#########
<...# #.....#
....# #.#.#.#
....# #.#.#.#
....# #.#.#.#
....###.#.#.#
#'#.....#.#.#
#.#.......#.#


You could see an orc priest and an orc.

Vanquished Creatures
  2 adders (D:2)
  2 worms (D:2)
  A dart slug (D:1)
  A leopard gecko (D:1)
  2 ball pythons
  4 bats
  A giant cockroach (D:1)
  7 goblins
  2 hobgoblins
  6 jackals
  3 frilled lizards
  3 kobolds
  4 rats
38 creatures vanquished.

Notes
Turn   | Place    | Note
-------+----------+-------------------------------------------
     0 | D:1      | dohliylev the Vampire Enchanter began the quest for the Orb.
     0 | D:1      | Reached XP level 1. HP: 13/13 MP: 3/3
    59 | D:1      | Reached skill level 5 in Stealth
    80 | D:1      | Reached XP level 2. HP: 16/19 MP: 5/5
    86 | D:1      | Learned a level 2 spell: Ensorcelled Hibernation
   600 | D:1      | Reached XP level 3. HP: 24/24 MP: 6/6
   702 | D:2      | Reached skill level 6 in Stealth
  1213 | D:2      | Found a white marble altar of Elyvilon.
  1214 | D:2      | Found a radiant altar of Vehumet.
  1357 | D:3      | Slain by an orc

Skill      XL: |  1  2  3 |
---------------+----------+-----
Stealth        | 5 6 |  6.5
Short Blades   | 2 |  2.5
Dodging        | |  2.1
Spellcasting   | |  2.0
Hexes          | |  4.4

Action                   || total
-------------------------++-------
Melee: Dagger            ||    91
       Bite              ||     8
 Cast: Ensorcelled Hiber ||    15
       Corona            ||     1
 Stab: Sleeping          ||    23
       Distracted        ||     1
  Eat: Corpse            ||     9
Armor: Robe              ||    11
Dodge: Dodged            ||    52
